 Dungeon Crawl Stone Soup version 0.23-a0-767-gdc19b93 (webtiles) character file.

381 Tovarisch the Vexing (level 6, -6/44 HPs)
             Began as an Octopode Arcane Marksman on Jan 19, 2019.
             Splashed by Ijyb's acid (13 damage)
             ... on level 3 of the Dungeon.
             The game lasted 00:05:24 (3901 turns).

Tovarisch the Vexing (Octopode Arcane Marksman)     Turns: 3901, Time: 00:05:25

Health: -6/44      AC: -3    Str:  9    XL:     6   Next: 75%
Magic:  7/7        EV: 13    Int: 17    God:
Gold:   145        SH:  0    Dex: 13    Spells: 3/7 levels left

rFire    . . .     SeeInvis .   i - +2 dagger (venom)
rCold    . . .     Gourm    .   (no shield)
rNeg     . . .     Faith    .   (helmet restricted)
rPois    .         Spirit   .   (no amulet)
rElec    .         Reflect  .   (no ring)
rCorr    .         Harm     .   (no ring)
MR       .....                  (no ring)
Stlth    ++........             (no ring)
HPRegen  0.14/turn              (no ring)
MPRegen  0.10/turn              (no ring)
                                (no ring)
                                (no ring)

@: corroded
A: almost no armour, stealthy swim, amphibious, 8 rings, constrict 8, camouflage
1, gelatinous body 1
a: no special abilities


You were on level 3 of the Dungeon.
You were not hungry.

You visited 1 branch of the dungeon, and saw 3 of its levels.

You collected 145 gold pieces.

Inventory:

Hand Weapons
 d - a +0 dagger
 i - a +2 dagger of venom (weapon)
Missiles
 b - 5 javelins (quivered)
 c - 2 throwing nets
Scrolls
 a - 2 scrolls of identify {unknown}
 g - a scroll of enchant weapon {unknown}
 l - a scroll of remove curse {unknown}
 o - a scroll of magic mapping {unknown}
 p - a scroll of amnesia {unknown}
 q - a scroll of teleportation {unknown}
 r - a scroll of immolation {unknown}
Potions
 h - a potion of lignification
 j - a potion of flight {unknown}
 k - a potion of brilliance {unknown}
 m - a potion of berserk rage {unknown}
 n - a potion of curing
Comestibles
 e - 6 rations


   Skills:
 + Level 4.6 Fighting
 - Level 2.1 Throwing
 - Level 2.1 Dodging
 - Level 1.1 Spellcasting
 + Level 5.5 Hexes


You had 3 spell levels left.
You knew the following spells:

 Your Spells              Type           Power        Failure   Level  Hunger
a - Corona                Hex            ###....      2%          1    ##.....
b - Portal Projectile     Hex/Tloc       ##....       21%         3    ####...

Your spell library contained the following spells:

 Spells                   Type           Power        Failure   Level  Hunger
 Slow                     Hex            ###.....     3%          2    ###....
 Inner Flame              Hex/Fire       ##......     21%         3    ####...
 Cause Fear               Hex            ###.......   22%         4    #####..
 Leda's Liquefaction      Hex/Erth       ##........   56%         4    #####..


Dungeon Overview and Level Annotations

Branches:
Dungeon (3/15)

Altars:
Wu Jian

Annotations:
D:3 Ijyb


Innate Abilities, Weirdness & Mutations

You cannot wear most types of armour.
You are very stealthy in the water. (Stealth+)
You are amphibious.
You can wear up to eight rings at the same time.
You can use your tentacles to constrict eight enemies at once.
Your skin changes colour to match your surroundings (Stealth+).
Your rubbery body absorbs attacks. (AC +1, EV +1)


Message History

You constrict the hound. The hound misses you.
You hit the hound.
The hound looks as sick as possible!
You squeeze the hound.
You kill the hound!
No target in view!
Ijyb the Twisted Goblin comes into view.
She is wielding a +0 dagger and carrying a wand of acid (6).
Ijyb shouts!
Ijyb zaps a wand.
The bolt of acid hits you!
You are splashed with acid!
The acid burns!
Ijyb completely misses you.
You barely miss Ijyb. You grab Ijyb. You squeeze Ijyb, but do no damage.
You constrict Ijyb. Ijyb barely misses you.
You hit Ijyb but do no damage.
Ijyb is poisoned.
Ijyb is lightly wounded.
You constrict Ijyb. Ijyb hits you with a +0 dagger.
You hit Ijyb but do no damage.
Ijyb looks as sick as possible!
Ijyb is lightly wounded.
You constrict Ijyb.
Ijyb zaps a wand.
The bolt of acid hits you!
* * * LOW HITPOINT WARNING * * *
The acid corrodes you!
You are splashed with acid!
The acid burns!
You die...

█.██.█ ██ █.█ █
█.█ █.█ █.█ █.█
█.█
...███████████.█
......g@.......█
...█████████████


█████ █.... █o███ █.█ █.█ █.█ █o█ █████████ █.█ You could see Ijyb.

Vanquished Creatures
  Purgy (D:3)
  An ogre (D:3)
  A hound (D:3)
  An orc priest (D:3)
  5 adders
  2 oozes
  2 worms (D:2)
  2 dart slugs (D:2)
  6 leopard geckos
  2 orcs
  11 bats
  5 giant cockroaches
  8 goblins
  8 hobgoblins
  3 jackals (D:3)
  A quokka (D:2)
  4 frilled lizards
  5 kobolds
  9 rats
77 creatures vanquished.

Notes
Turn   | Place    | Note
-------+----------+-------------------------------------------
     0 | D:1      | Tovarisch the Octopode Arcane Marksman began the quest for
                  | the Orb.
     0 | D:1      | Reached XP level 1. HP: 13/13 MP: 2/2
   214 | D:1      | Reached XP level 2. HP: 18/18 MP: 3/3
  1021 | D:1      | Reached XP level 3. HP: 24/24 MP: 4/4
  1049 | D:1      | Learned a level 3 spell: Portal Projectile
  1568 | D:2      | Reached XP level 4. HP: 20/30 MP: 5/5
  1919 | D:2      | Found an ornate altar of the Wu Jian Council.
  2008 | D:2      | Reached skill level 4 in Hexes
  2878 | D:3      | Reached XP level 5. HP: 30/36 MP: 6/6
  3204 | D:3      | Noticed Purgy
  3233 | D:3      | Killed Purgy
  3233 | D:3      | Reached skill level 5 in Hexes
  3233 | D:3      | Reached XP level 6. HP: 14/43 MP: 7/7
  3894 | D:3      | Noticed Ijyb
  3901 | D:3      | Splashed by Ijyb's acid

Vault maps used:
D:1:      minmay_arrival_arboretum_small
D:2:      overflow_temple_1_default, kennysheep_doodads
D:3:      minmay_between, uniq_purgy, uniq_grinder, uniq_ijyb

Skill      XL: |  1  2  3  4  5 |
---------------+----------------+-----
Fighting       | 2 3 4 |  4.6
Hexes          | 4 5 |  5.5
Throwing       | |  2.1
Dodging        | |  2.1
Spellcasting   | |  1.1

Action                   |  1- 3 |  4- 6 || total
-------------------------+-------+-------++-------
Melee: Dagger            |    67 |   109 ||   176
       Constrict         |    16 |    25 ||    41
       Tentacles         |     8 |    15 ||    23
Throw: Javelin           |    10 |       ||    10
 Cast: Corona            |     1 |       ||     1
  Use: Potion            |       |     3 ||     3
 Stab: Sleeping          |     4 |    11 ||    15
  Eat: Chunk             |     2 |     7 ||     9
Armor: Skin              |     5 |    19 ||    24
Dodge: Dodged            |    48 |    59 ||   107

Table legend:
 A = Non-vault XP
 B = Vault XP
 C = Vault XP percentage of total XP
 D = Non-vault monster count
 E = Vault monster count
 F = Vault count percentage of total count
                 A         B        C        D         E       F
            +---------+---------+-------+---------+---------+-------
      Total |     273 |     272 |  49.9 |      71 |       6 |   7.8
            +---------+---------+-------+---------+---------+-------
        D:1 |      42 |       0 |   0.0 |      24 |       0 |   0.0
        D:2 |     110 |       0 |   0.0 |      33 |       0 |   0.0
        D:3 |     121 |     272 |  69.2 |      14 |       6 |  30.0
            +---------+---------+-------+---------+---------+-------
